 Dungeon Crawl Stone Soup version 0.29.1-13-g9f3cf754e1 (webtiles) character file.

Game seed: 17571850378358836587

44 Sanktem7 the Trooper (level 3, -3/34 HPs)
             Began as a Minotaur Fighter on Jan 23, 2023.
             Slain by a gnoll
             ... wielding a +0 halberd
              (10 damage)
             ... on level 2 of the Dungeon.
             The game lasted 00:00:52 (924 turns).

Sanktem7 the Trooper (Minotaur Fighter)              Turns: 924, Time: 00:00:53

Health: -3/34      AC:  7    Str: 22    XL:     3   Next: 39%
Magic:  2/2        EV:  9    Int:  5    God:
Gold:   59         SH:  4    Dex:  9    Spells: 2/2 levels left

rFire   . . .      SeeInvis .   a - +0 war axe {axe}
rCold   . . .      Faith    .   c - +0 buckler
rNeg    . . .      Spirit   .   b - +0 scale mail
rPois   .          Reflect  .   (helmet restricted)
rElec   .          Harm     .   (no cloak)
rCorr   .          Rampage  .   (no gloves)
Will    .....                   (no boots)
Stlth   ..........              (no amulet)
HPRegen 0.11/turn               (no ring)
MPRegen 0.08/turn               (no ring)

@: no status effects
A: horns 2, retaliatory headbutt
a: no special abilities


You were on level 2 of the Dungeon.
You visited 1 branch of the dungeon, and saw 2 of its levels.

You collected 59 gold pieces.


Innate Abilities, Weirdness & Mutations

You have a pair of horns on your head.
You reflexively headbutt those who attack you in melee.


   Skills:
 * Level 4.4 Fighting
 * Level 3.4 Axes
 + Level 4.0 Armour
 - Level 3.6 Shields


You had 2 spell levels left.
You didn't know any spells.
Your spell library was empty.

Inventory:

Hand Weapons
 a - a +0 war axe (weapon) {axe}
 h - a +3 whip {mace}
   (You found it on level 1 of the Dungeon)
Missiles
 f - 24 stones (quivered) {throwing}
 i - 9 poisoned darts {throwing}
Armour
 b - a +0 scale mail (worn)
 c - a +0 buckler (worn)
Scrolls
 e - 3 scrolls of poison {unknown}
 g - a scroll of immolation {unknown}
 l - a scroll of identify {unknown}
Potions
 d - 2 potions of might
 j - a potion of heal wounds {unknown}
 k - a potion of resistance {unknown}
 m - a potion of curing {unknown}

Dungeon Overview and Level Annotations

Branches:
Dungeon (2/15) Zot: 11057

Altars:
Xom

.........)..........#
#.#####..#####......#
#..# #.......# #..#
#.##..#.# #..#
#.###.#.# #..#
...##.#.# ...#
.###.#.#.# .... .
#).?..# # #@#.###
#..g##^# .....g. ..#
.###### ###


You could see 2 gnolls.


Message History

You slash the hobgoblin!
You kill the hobgoblin!
Found 6 gold pieces.
Found a stone staircase leading up.
You see here a hobgoblin corpse.
Key pressed, stopping explore.
You see here a hobgoblin corpse.
You now have 40 gold pieces (gained 6).
You see here a hobgoblin corpse.
You now have 46 gold pieces (gained 6).
There is a stone staircase leading up here.
You see here a hobgoblin corpse.
i - 9 poisoned darts {throwing} (gained 6) 😎 HP[+8]
Your hp is fully restored (27).
You see here a +0 leather armour.
d - 2 potions of might (gained 1) Key pressed, stopping explore.
f - 17 stones {throwing} (gained 6)
A hobgoblin comes into view.
The hobgoblin shouts!
A hobgoblin is nearby!
A hobgoblin is nearby!
A goblin comes into view. It is wielding a +0 club.
The goblin shouts!
The hobgoblin closely misses you.
You barely miss the hobgoblin. The hobgoblin closely misses you.
You furiously retaliate!
You headbutt the hobgoblin. You slash the hobgoblin!
You kill the hobgoblin!
The goblin unwields a +0 club.
The goblin wields a +0 sling.
The goblin shoots a sling bullet.
You block the sling bullet.
The goblin shoots a sling bullet.
The sling bullet hits you but does no damage.
You see here a hobgoblin corpse.
The goblin shoots a sling bullet.
The sling bullet closely misses you.
The goblin shoots a sling bullet.
The sling bullet barely misses you.
The goblin unwields a +0 sling.
The goblin wields a +0 club.
You block the goblin's attack.
You slash the goblin!
You kill the goblin!
No target in view!
No target in view!
No target in view!
No target in view!
No target in view!
No target in view!
No target in view!
f - 24 stones {throwing} (gained 7)
l - a scroll labelled ESIETI CICZUEGIG
Things that are here:
a +0 club {mace}; a +0 sling
m - a fuming ruby potion You now have 59 gold pieces (gained 13).
A gnoll comes into view. It is wielding a +0 halberd.
The gnoll shouts!
You hear a shout!
A gnoll is nearby!
A gnoll comes into view. It is wielding a +0 spear.
A gnoll comes into view. It is wielding a +0 halberd.
The gnoll shouts!
The gnoll hits you with a +0 halberd.
The gnoll moves out of view. 😕 HP[-6]
You take 6 damage, and now have 21/27 hp.
MASSIVE DAMAGE!! (PAUSE)
You barely miss the gnoll. Your headbutt misses the gnoll.
A gnoll comes into view. It is wielding a +0 club.
You block the gnoll's attack.
The gnoll shouts!
The gnoll barely misses you. The gnoll hits you with a +0 halberd.
The gnoll hits you but does no damage. 😮 HP[-5]
You take 5 damage, and now have 16/27 hp.
You closely miss the gnoll. You headbutt the gnoll. You slash the gnoll!
The gnoll misses you. You block the gnoll's attack.
The gnoll hits you but does no damage. x3
You slash the gnoll!
You kill the gnoll!
You barely miss the gnoll. The gnoll hits you with a +0 halberd!
* * * LOW HITPOINT WARNING * * *
You block the gnoll's attack.
Your Armour skill increases to level 4!
You have reached level 3!
Your experience leads to an increase in your attributes!
Increase (S)trength, (I)ntelligence, or (D)exterity?
You feel stronger. x2 😱 HP[-10] MP[+1]
You now have 34 max hp (+7).
You take 10 damage, and now have 6/34 hp.
MASSIVE DAMAGE!! (PAUSE)
Your mp is fully restored (2).
You slash the gnoll! You hit the gnoll. The gnoll closely misses you. x2
You block the gnoll's attack. x2; The gnoll barely misses you. 😱 HP[+1]
You barely miss the gnoll. Your headbutt misses the gnoll. You hit the gnoll.
You kill the gnoll!
You block the gnoll's attack. The gnoll hits you but does no damage.
You hit the gnoll but do no damage. You block the gnoll's attack.
The gnoll barely misses you.
You closely miss the gnoll.
The gnoll hits you from afar with a +0 halberd!
You die...

Skill      XL: |  1  2 |
---------------+-------+-----
Fighting       | 4 |  4.4
Axes           | 3 |  3.4
Armour         | 4 |  4.0
Shields        | |  3.6

Action                   || total
-------------------------++-------
Melee: War axe           ||    45
       Headbutt          ||     4
Armor: Scale mail        ||    34
Dodge: Dodged            ||    32
Block: Buckler           ||    21

Levels and vault maps discovered:
D:1:      eino_arrival_water_cross, layout_rooms
D:2:      layout_loops_ring, basic_altar

Notes
Turn   | Place    | Note
-------+----------+-------------------------------------------
     0 | D:1      | Sanktem7 the Minotaur Fighter began the quest for the Orb.
     0 | D:1      | Reached XP level 1. HP: 19/19 MP: 0/0
     0 | D:1      | magus.rc [v1.9.6]
    53 | D:1      | Reached XP level 2. HP: 22/27 MP: 1/1
    59 | D:1      | Reached skill level 4 in Fighting
   421 | D:1      | Reached skill level 3 in Axes
   717 | D:2      | Found a shimmering altar of Xom.
   920 | D:2      | HP: 5/27 [gnoll/+0 halberd (11)]
   921 | D:2      | Reached skill level 4 in Armour
   921 | D:2      | Reached XP level 3. HP: 6/34 MP: 2/2
   924 | D:2      | Slain by a gnoll

Vanquished Creatures
  2 gnolls (D:2)
  A bat (D:1)
  2 endoplasms (D:1)
  A goblin (D:2)
  7 hobgoblins
  3 jackals (D:1)
  2 kobolds (D:1)
  A quokka (D:1)
  A ball python (D:1)
  A rat (D:1)
21 creatures vanquished.

Table legend:
 A = Non-vault XP
 B = Vault XP
 C = Vault XP percentage of total XP
 D = Non-vault monster count
 E = Vault monster count
 F = Vault count percentage of total count
                 A         B        C        D         E       F
            +---------+---------+-------+---------+---------+-------
      Total |      63 |       0 |   0.0 |      21 |       0 |   0.0
            +---------+---------+-------+---------+---------+-------
        D:1 |      25 |       0 |   0.0 |      14 |       0 |   0.0
        D:2 |      38 |       0 |   0.0 |       7 |       0 |   0.0
            +---------+---------+-------+---------+---------+-------

Illustrated notes

Table legend:
 A = Kills in this place as a percentage of kills in entire the game.
 B = Kills by you in this place as a percentage of kills by you in the entire game.
 C = Kills by friends in this place as a percentage of kills by friends in the entire game.
 D = Other kills in this place as a percentage of other kills in the entire game.
 E = Experience gained in this place as a percentage of experience gained in the entire game.
 F = Experience gained in this place divided by the number of levels of this place that you have seen.
                   A       B       C       D       E      F
               +-------+-------+-------+-------+-------+----------------------
         Total | 100.0 | 100.0 |   N/A |   N/A | 100.0 |  31.5
       Dungeon | 100.0 | 100.0 |   N/A |   N/A | 100.0 |  31.5
               +-------+-------+-------+-------+-------+----------------------

Table legend: (Time is in decaauts)
 A = Elapsed time spent in this place.
 B = Non-inter-level travel time spent in this place.
 C = Inter-level travel time spent in this place.
 D = Time resting spent in this place.
 E = Time spent auto-exploring this place.
 F = Levels seen in this place.
 G = Mean time per level.
                   A        B        C        D        E       F      G
               +--------+--------+--------+--------+--------+-----+--------+
         Total |    941 |    911 |     30 |      0 |    797 |   2 |  470.5 |
       Dungeon |    941 |    911 |     30 |      0 |    797 |   2 |  470.5 |
               +--------+--------+--------+--------+--------+-----+--------+

Top non-repeatable levels by time:
     D:1: 710 daAuts
     D:2: 231 daAuts
